Map: Berlingrad LE

Players

SweetSpawt - Winner!

  • Race: Protoss Protoss
  • League: Gold
  • Spawn Location: 11:00

IIIIIIIIIIII

  • Race: Protoss Protoss
  • League: Gold
  • Spawn Location: 5:00

VOD

Have the link to the VOD?

Description

Successfully holding off a barcode's cannon rush.

Time

  • Played on: June 19, 2022, 6:37 p.m.
  • Length: 8:28
Show
View Real Time Build Order
Export as new Build Order

SweetSpawt Protoss - Winner!

Build Orders:  

Get SALT Encoding   

  12  0:00  Probe  
  13  0:12  Probe  
  14  0:22  Pylon  
  14  0:24  Probe  
  15  0:40  Probe (Chrono Boost)  
  15  0:42  Gateway  
  16  0:48  Assimilator  
  17  0:50  Probe (Chrono Boost)  
  17  0:55  Probe (Chrono Boost)  
  18  1:06  Probe  
  19  1:19  Probe  
  20  1:32  Probe  
  21  1:45  Probe  
  22  1:47  Nexus  
  22  1:48  Pylon  
  22  1:57  Probe  
  20  2:16  Cybernetics Core  
  18  2:37  Probe  
  19  2:48  Warp Gate (Chrono Boost)  
  19  2:49  Probe  
  20  3:00  Probe  
  20  3:01  Probe  
  22  3:12  Probe  
  23  3:13  Probe  
  24  3:22  Stalker  
  24  3:24  Probe  
  24  3:25  Probe  
  27  3:37  Probe  
  27  3:49  Probe  
  27  3:50  Pylon  
  27  3:52  Gateway, Stalker (Chrono Boost)  
  27  3:53  Gateway  
  30  4:16  Probe x2  
  32  4:28  Probe  
  32  4:37  Stalker  
  34  4:52  Stalker x2  
  34  5:17  Stalker  
  34  5:18  Stalker x2  
  36  5:36  Probe x2  
  38  5:45  Stalker x3  
  38  5:48  Gateway, Probe x2  
  46  5:50  Gateway  
  46  5:53  Gateway  
  45  6:00  Probe  
  45  6:03  Probe  
  40  6:12  Probe  
  40  6:13  Stalker  
  40  6:14  Stalker  
  40  6:15  Probe  
  44  6:24  Probe  
  41  6:27  Probe  
  41  6:30  Stalker  
  42  6:36  Assimilator  
  42  6:39  Assimilator  
  42  6:42  Pylon  
  42  6:43  Stalker  
  42  6:44  Pylon  
  42  6:46  Pylon  
  44  7:00  Zealot x3, Assimilator  
  44  7:01  Zealot x2  
  54  7:12  Pylon  
  54  7:15  Pylon, Probe x2  
  56  7:18  Pylon  
  56  7:20  Zealot x3  
  56  7:21  Zealot x3  
  68  7:27  Probe x2  
  70  7:35  Forge  
  70  7:41  Probe x2  
Show
View Real Time Build Order
Export as new Build Order

IIIIIIIIIIII Protoss 

Build Orders: Cannon Rush 

Get SALT Encoding   

  12  0:03  Probe  
  13  0:16  Pylon  
  13  0:20  Probe (Chrono Boost)  
  14  0:31  Probe (Chrono Boost)  
  15  0:37  Forge  
  15  0:39  Probe  
  16  0:49  Pylon  
  16  0:53  Probe  
  17  1:05  Probe, Pylon  
  18  1:15  Photon Cannon  
  18  1:19  Probe  
  18  1:25  Pylon  
  18  1:37  Photon Cannon  
  18  1:48  Photon Cannon  
  18  1:54  Photon Cannon  
  18  1:57  Pylon  
  18  2:02  Probe (Chrono Boost)  
  18  2:12  Probe (Chrono Boost)  
  19  2:16  Probe (Chrono Boost)  
  20  2:28  Probe  
  20  2:29  Gateway  
  21  2:40  Probe (Chrono Boost)  
  22  2:50  Probe (Chrono Boost)  
  23  2:54  Pylon  
  23  2:55  Probe (Chrono Boost)  
  24  3:06  Probe  
  25  3:13  Photon Cannon  
  25  3:16  Photon Cannon  
  25  3:18  Probe  
  26  3:22  Cybernetics Core  
  26  3:25  Photon Cannon  
  26  3:33  Probe (Chrono Boost)  
  27  3:39  Assimilator  
  27  3:41  Photon Cannon  
  27  3:43  Probe (Chrono Boost)  
  27  3:44  Assimilator  
  27  3:48  Probe (Chrono Boost)  
  28  3:49  Pylon  
  29  4:03  Photon Cannon  
  28  4:16  Probe  
  29  4:28  Probe  
  29  4:29  Pylon  
  30  4:34  Gateway  
  30  4:40  Probe  
  31  4:52  Probe  
  32  4:55  Nexus  
  32  4:58  Photon Cannon  
  32  5:04  Probe  
  33  5:13  Photon Cannon  
  33  5:14  Pylon  
  33  5:16  Probe  
  33  5:18  Photon Cannon  
  34  5:27  Photon Cannon  
  34  5:31  Zealot  
  34  5:35  Stargate  
  36  5:40  Assimilator  
  36  5:48  Assimilator  
  36  5:52  Probe  
  37  6:04  Probe  
  37  6:08  Zealot x2  
  42  6:13  Twilight Council  
  42  6:17  Probe (Chrono Boost)  
  44  6:21  Probe (Chrono Boost)  
  45  6:26  Probe (Chrono Boost)  
  45  6:31  Probe (Chrono Boost)  
  45  6:35  Zealot x2  
  50  7:02  Zealot x2  
  50  7:07  Nexus  
  54  7:10  Pylon  
  54  7:12  Pylon  
  54  7:16  Assimilator  
  54  7:21  Assimilator  
  54  7:29  Zealot x2  
  58  7:31  Gateway  
  58  7:32  Gateway  
  58  7:36  Gateway  
  58  7:44  Probe  
  59  7:56  Probe  
  60  8:09  Probe  
  60  8:19  Pylon  
  54  8:22  Pylon  
Tags
 
League
GoldGold
Matchup
PvP
Spawn Locations
Cross Positions
Add a new tag
Caveats
  • Supply blocks, unpowered buildings, or Contaminate may cause inaccurate times.
  • Supply counts are checked every 10 seconds.